AoeStats
← 17_Neo_

Arabia

508220241Analyzed
1v1 RM · 11d ago on Sep 21, 2026· 43m 7s· 2 players
Game mode
Random Map
Map size
Tiny (2 player)
Population
200
Speed
Normal
Resources
Standard
Victory
Conquest
Starting age
Dark Age
Ending age
Imperial Age
RankedLock teamsTeams togetherTeam positionsShared explorationLock speedFull tech treeHidden civsTurbo modeCheats
Victory
Defeat
🇨🇳 Shu · China
1712
+14
🇨🇴 Mongols · Colombia
1668
-14
17_Neo_
6:09 Loom
8:54 Feudal Age
9:47 Double-Bit Axe
9:43 Horse Collar
19:10 Castle Age
17:26 Gold Mining
18:34 Fletching
21:05 Bodkin Arrow
22:45 Ballistics
22:24 Town Watch
23:20 Padded Archer Armor
24:15 Bloodlines
25:55 Leather Archer Armor
29:31 Thumb Ring
38:55 Bow Saw
丞相终结者
6:51 Loom
10:50 Feudal Age
11:17 Double-Bit Axe
15:01 Fletching
15:39 Padded Archer Armor
21:21 Castle Age
20:20 Gold Mining
21:08 Town Watch
21:27 Crossbowman
22:03 Bodkin Arrow
25:04 Horse Collar
26:19 Leather Archer Armor
27:08 Ballistics
28:17 Elite Skirmisher
34:38 Wheelbarrow
38:17 Imperial Age
36:36 Stone Mining
38:30 Gold Shaft Mining
39:04 Bracer
41:56 Ring Archer Armor
Connection lost

Rejoining the realm…

Still unreachable

The connection could not be restored.

Session expired

The server has moved on; the page needs a fresh start.